 Dungeon Crawl Stone Soup version 0.31-a0-986-g5e6e4ef867 (webtiles) character file.

Game seed: 4947980144943580696

405 Persephone the Cleaver (level 6, -4/51 HPs)
             Began as a Minotaur Monk on Nov 15, 2023.
             Was a Believer of Qazlal.
             Slain by Menkaure (19 damage)
             ... on level 5 of the Dungeon.
             The game lasted 00:08:11 (3020 turns).

Persephone the Cleaver (Minotaur Monk)              Turns: 3020, Time: 00:08:12

Health: -4/51      AC:  3    Str: 15    XL:     6   Next: 56%
Magic:  5/5        EV: 11    Int: 17    God:    Qazlal [**....]
Gold:   199        SH:  2    Dex:  7    Spells: 5/5 levels left

rFire   . . .        c - +10 executioner's axe of Trauma {heavy, Will++ Str-3 Int+10 Dex-5}
rCold   + . .        (shield currently unavailable)
rNeg    . . .        r - +0 leather armour of Zel Woet {Rampage rC+}
rPois   .            (helmet restricted)
rElec   .            (no cloak)
rCorr   .            (no gloves)
SInv    .            (no boots)
Will    ++...        q - amulet of regeneration
Stlth   +            (no ring)
HPRegen 1.08/turn    (no ring)
MPRegen 0.09/turn

%: rampage
@: no status effects
A: horns 2, retaliatory headbutt
a: Renounce Religion, Upheaval


You were on level 5 of the Dungeon.
You worshipped Qazlal.
Qazlal was pleased with you.
You visited 1 branch of the dungeon, and saw 5 of its levels.

You collected 199 gold pieces.

Inventory:

Hand Weapons
 a - a +0 hand axe
 c - the +10 executioner's axe of Trauma (weapon) {heavy, Will++ Str-3 Int+10 Dex-5}
   (You acquired it on level 4 of the Dungeon)

   Str-3:     It affects your strength (-3).
   Int+10:    It affects your intelligence (+10).
   Dex-5:     It affects your dexterity (-5).
   Will++:    It greatly increases your willpower.
Armour
 d - an orb of light
 f - a +0 chain mail
 r - the +0 leather armour of Zel Woet (worn) {Rampage rC+}
   (You found it on level 3 of the Dungeon)

   rC+:       It protects you from cold.
   Rampage:   It bestows one free step when moving towards enemies.
Jewellery
 b - a ring of flight
 q - an amulet of regeneration (around neck)
Scrolls
 g - a scroll of vulnerability
 i - 4 scrolls of noise {unknown}
 k - 4 scrolls of identify {unknown}
 o - a scroll of immolation {unknown}
 p - a scroll of enchant armour {unknown}
 t - 2 scrolls of fear {unknown}
Potions
 j - a potion of curing
 l - a potion of enlightenment {unknown}
 m - a potion of cancellation
 n - a potion of attraction {unknown}
 s - a potion of degeneration {unknown}


   Skills:
 - Level 3.6 Fighting
 + Level 9.0 Axes
 - Level 3.2 Dodging


You had 5 spell levels left.
You didn't know any spells.
Your spell library contained the following spells:

 Spells                   Type           Power      Damage    Failure   Level
 Poisonous Vapours        Pois/Air       0%         N/A       41%         2
 Mephitic Cloud           Conj/Pois/Air  0%         N/A       65%         3
 Freezing Cloud           Conj/Ice/Air   0%         6-21      100%        5


Dungeon Overview and Level Annotations

Branches:
Dungeon (5/15)
 Temple: D:4-7

Altars:
Kikubaaqudgha
Qazlal
Trog
Vehumet

Shops:
D:1 !=[

Annotations:
D:5 Menkaure


Innate Abilities, Weirdness & Mutations

You have a pair of horns on your head.
You reflexively headbutt those who attack you in melee.


Message History

There is a stormy altar of Qazlal here.
You kneel at the altar of Qazlal.
Qazlal welcomes you!
You are now surrounded by a storm.
You can now call upon nature to destroy your foes.
Qazlal grants you and your divine allies immunity to clouds.
What level of the Dungeon? (default 4, ? - help)
There is an open door here.
You see here a hound skeleton.
There is a stone staircase leading down here.
You climb downwards.
Level annotation: Menkaure Auto kill stopped - Too dangerous: Extremely Dangerous (1) Dangerous (1) Easy (0) Harmless (4) x19
Menkaure casts a spell.
Menkaure seems to speed up.
Auto kill stopped - Too dangerous: Extremely Dangerous (1) Dangerous (1) Easy (0) Harmless (4) x6
There is a stone staircase leading up here.
Auto kill stopped - Too dangerous: Extremely Dangerous (1) Dangerous (1) Easy (0) Harmless (4)
There are monsters nearby!
Auto kill stopped - Too dangerous: Extremely Dangerous (1) Dangerous (1) Easy (0) Harmless (4)
You slash the orc!
You kill the orc!
Qazlal accepts your kill.
Menkaure calls on the powers of darkness!
The orc convulses! x3; Your body is wracked with pain!
The iguana convulses!
The orc hits you with a +0 hand axe.
You are too injured to fight recklessly!
You are too injured to fight recklessly!
You slice the orc!!
You kill the orc!
Qazlal accepts your kill.
You closely miss the iguana. You slash the orc!
You kill the orc!
Qazlal accepts your kill.
You hit Menkaure. Menkaure closely misses you. The iguana closely misses you.
You furiously retaliate!
You headbutt the iguana! Menkaure completely misses you. The iguana bites you!
* * * LOW HITPOINT WARNING * * *
Menkaure hits you!!
You die...

.... ..... ....
....#
............#.#
... ........
... ... ..#
#.##.##..#####
#...l.........
#@☼.........
#oM.........
#...<.......
#........<....
...#.....?!....
# #...........
##..........
##.........
##########


You could see Menkaure (fast), an iguana and an orc.

Vanquished Creatures
  A black bear (D:4)
  3 scorpions (D:4)
  A hound (D:4)
  3 adders
  A worm (D:2)
  A dart slug (D:3)
  6 orcs
  7 ball pythons
  4 bats
  5 endoplasms
  A giant cockroach (D:4)
  9 goblins
  6 hobgoblins
  5 jackals
  4 quokkas
  2 frilled lizards (D:3)
  13 kobolds
  6 rats
  2 rat zombies (D:4)
80 creatures vanquished.

Notes
Turn   | Place    | Note
-------+----------+-------------------------------------------
     0 | D:1      | Persephone the Minotaur Monk began the quest for the Orb.
     0 | D:1      | Reached XP level 1. HP: 19/19 MP: 0/0
    37 | D:1      | Found Moeruek's Antique Armour Boutique.
    69 | D:1      | Reached skill level 4 in Axes
   188 | D:1      | Reached XP level 2. HP: 26/26 MP: 1/1
   254 | D:1      | Found a faded altar of an unknown god.
   402 | D:1      | Found Uleiry's Distillery.
   755 | D:1      | Found Xomak's Jewellery Shoppe.
   757 | D:1      | Reached skill level 5 in Axes
   927 | D:2      | Reached XP level 3. HP: 31/31 MP: 2/2
  1629 | D:3      | Identified the +0 leather armour of Zel Woet {Rampage rC+}
  1674 | D:3      | Identified the maw talisman of Feint {*Slow rF+ Str+6}
  1885 | D:3      | Found a bloodstained altar of Trog.
  1996 | D:4      | Reached skill level 6 in Axes
  1996 | D:4      | Reached XP level 4. HP: 32/39 MP: 3/3
  2091 | D:4      | Found a radiant altar of Vehumet.
  2093 | D:4      | Found a stormy altar of Qazlal.
  2164 | D:4      | Noticed a scorpion
  2172 | D:4      | Killed a scorpion
  2173 | D:4      | Reached skill level 7 in Axes
  2173 | D:4      | Reached XP level 5. HP: 42/45 MP: 4/4
  2248 | D:4      | Noticed a black bear
  2276 | D:4      | Killed a black bear
  2277 | D:4      | Reached skill level 8 in Axes
  2277 | D:4      | Reached XP level 6. HP: 15/51 MP: 5/5
  2511 | D:4      | Found an ancient bone altar of Kikubaaqudgha.
  2726 | D:4      | Reached skill level 9 in Axes
  2873 | D:5      | Entered Level 5 of the Dungeon
  2873 | D:5      | Noticed Menkaure
  2880 | D:4      | Identified a scroll of acquirement
  2880 | D:4      | Acquired the +10 executioner's axe of Trauma {heavy, Will++
                  | Str-3 Int+10 Dex-5}
  3007 | D:4      | Became a worshipper of Qazlal Stormbringer
  3007 | D:4      | Reached * piety under Qazlal
  3007 | D:4      | Reached ** piety under Qazlal
  3020 | D:5      | Slain by Menkaure

Illustrated notes

Levels and vault maps discovered:
D:1:      nicolae_arrival_somewhat_less_tricky_arrival, layout_basic,
          shapermc_ecumenical_altar_mp_urbaneastern, serial_shops,
          nicolae_shop_window_shopping, shop, nicolae_shop_back_alley_shop
D:2:      layout_basic, hangedman_glass_teeth
D:3:      layout_rooms, old_standard_altar, amcnicky_mini_corridor_feature
D:4:      layout_rooms, lemuel_zombie_altar_kikubaaqudgha,
          mainiacjoe_overflow_divided_tiny, serial_rivers,
          chequers_serial_rivers_micro_c, chequers_serial_rivers_small_3,
          chequers_serial_rivers_small_a, chequers_serial_rivers_micro_a,
          chequers_serial_rivers_room_a, chequers_serial_rivers_small_b,
          grunt_ministairs_15, minmay_vboxes
D:5:      layout_rooms, uniq_eustachio, uniq_menkaure

Skill      XL: |  1  2  3  4  5  6 |
---------------+-------------------+-----
Axes           | 4 5 6 7 8 9 |  9.0
Fighting       | |  3.6
Dodging        | |  3.2

Action                     |  1- 3 |  4- 6 || total
---------------------------+-------+-------++-------
  Melee: Hand axe          |    97 |    51 ||   148
         Headbutt          |    22 |    15 ||    37
         Executioner's axe |       |     2 ||     2
    Use: Potion            |       |     4 ||     4
         Scroll            |       |     3 ||     3
 Armour: Robe              |     7 |       ||     7
         Chain mail        |    54 |       ||    54
         Leather armour    |     4 |    69 ||    73
  Dodge: Dodged            |    44 |    58 ||   102

Table legend: (Time is in decaauts)
 A = Elapsed time spent in this place.
 B = Non-inter-level travel time spent in this place.
 C = Inter-level travel time spent in this place.
 D = Time resting spent in this place.
 E = Time spent auto-exploring this place.
 F = Levels seen in this place.
 G = Mean time per level.
                   A        B        C        D        E       F      G
               +--------+--------+--------+--------+--------+-----+--------+
         Total |   3026 |   2732 |    294 |      0 |   2249 |   5 |  605.2 |
       Dungeon |   3026 |   2732 |    294 |      0 |   2249 |   5 |  605.2 |
               +--------+--------+--------+--------+--------+-----+--------+

Top non-repeatable levels by time:
     D:4: 1028 daAuts
     D:1: 926 daAuts
     D:2: 579 daAuts
     D:3: 488 daAuts
     D:5: 5 daAuts
